Map: Polka LE

Players

qqq

  • Race: Zerg Zerg
  • League: Platinum
  • Spawn Location: 11:00

Massa

  • Race: Terran Terran
  • League: Platinum
  • Spawn Location: 11:00

SmuGash - Winner!

  • Race: Terran Terran
  • League: Diamond
  • Spawn Location: 5:00

INFerno - Winner!

  • Race: Zerg Zerg
  • League: Diamond
  • Spawn Location: 5:00

VOD

Have the link to the VOD?

Description

Time

  • Played on: Jan. 12, 2021, 9:46 a.m.
  • Length: 11:50
Show
View Real Time Build Order
Export as new Build Order

qqq Zerg 

Build Orders: Hatch First 

Get SALT Encoding   

  12  0:01  Drone  
  13  0:08  Drone  
  14  0:23  Overlord  
  14  0:50  Hatchery, Drone  
  14  0:52  Drone  
  15  0:58  Drone  
  16  1:19  Spawning Pool  
  16  1:20  Extractor, Drone  
  15  1:26  Drone x2  
  17  1:42  Drone  
  18  2:06  Drone x3  
  21  2:12  Drone  
  21  2:13  Queen  
  23  2:21  Overlord  
  23  2:23  Metabolic Boost  
  23  2:29  Drone x2  
  25  2:30  Zergling x2  
  25  2:35  Queen  
  28  2:41  Drone  
  29  2:48  Drone, Zergling x2  
  31  2:52  Zergling x2  
  32  3:01  Zergling x2, Overlord  
  33  3:17  Zergling x2  
  33  3:18  Zergling x4  
  36  3:34  Zergling x6  
  36  3:35  Zergling x4  
  41  3:42  Baneling Nest  
  41  3:43  Overlord  
  41  3:44  Zergling x2  
  41  4:01  Zergling x2  
  42  4:08  Zergling x2  
  42  4:09  Zergling x4  
  45  4:10  Drone x2  
  45  4:12  Lair  
  45  4:15  Spore Crawler  
  46  4:18  Drone, Spore Crawler  
  46  4:19  Drone x2  
  40  4:35  Zergling x4  
  40  4:36  Zergling x8  
  43  4:51  Zergling x6  
  43  4:52  Zergling x2  
  44  5:01  Zergling x2  
  44  5:02  Drone  
  46  5:14  Zergling x4  
  41  5:27  Zergling x4  
  41  5:28  Zergling x2  
  36  5:30  Baneling x4  
  36  5:35  Zergling x2  
  37  5:36  Queen  
  37  5:40  Spire  
  37  5:47  Zergling x2  
  37  5:48  Drone  
  37  5:56  Zergling x2  
  34  5:57  Drone  
  32  6:22  Zergling x4  
  32  6:23  Zergling x2  
  32  6:31  Zergling x2  
  32  6:32  Drone x3  
  32  6:43  Drone x4  
  35  6:49  Drone, Hatchery  
  35  6:55  Mutalisk  
  35  6:57  Extractor, Mutalisk  
  35  7:01  Hatchery  
  37  7:05  Drone  
  38  7:11  Infestation Pit  
  38  7:12  Drone x3  
  38  7:14  Drone  
  41  7:17  Drone  
  42  7:25  Drone x2  
  44  7:35  Drone x2  
  44  7:36  Drone  
  47  7:45  Mutalisk  
  47  7:47  Overlord  
  47  7:48  Drone x2  
  51  7:55  Overlord  
  51  7:57  Extractor  
  51  7:58  Extractor  
  49  8:01  Drone x2  
  49  8:02  Drone x2  
  53  8:14  Mutalisk x2  
  53  8:16  Drone  
  53  8:17  Drone x4  
  60  8:38  Mutalisk  
  62  8:43  Drone x2, Spine Crawler  
  62  8:44  Drone x5  
  62  8:45  Spine Crawler  
  66  9:02  Mutalisk x2  
  69  9:20  Mutalisk x2  
  69  9:22  Drone x5  
  69  9:23  Drone  
  79  9:25  Overlord x5  
  79  9:37  Spore Crawler  
  73  9:50  Spore Crawler  
  73  9:51  Mutalisk x3, Spore Crawler  
  70  9:57  Drone  
  70  9:58  Drone x5  
  76  10:12  Infestation Pit  
  76  10:13  Mutalisk x2  
  76  10:15  Drone  
  76  10:18  Spore Crawler  
  76  10:19  Spore Crawler  
  48  10:43  Mutalisk x3  
  48  10:45  Drone x3  
  54  11:05  Corruptor  
  54  11:06  Corruptor  
Show
View Real Time Build Order
Export as new Build Order

Massa Terran 

Build Orders: Banshee Rush 

Get SALT Encoding   

  12  0:00  SCV  
  13  0:12  SCV  
  14  0:23  Supply Depot  
  14  0:24  SCV  
  15  0:44  SCV  
  15  0:45  Barracks  
  16  0:50  Refinery  
  16  0:53  Refinery  
  16  0:56  SCV  
  17  1:09  SCV  
  18  1:23  SCV  
  19  1:34  Marine  
  19  1:35  SCV  
  21  1:40  Factory  
  21  1:49  Orbital Command  
  21  1:57  Reaper  
  22  2:04  Supply Depot  
  22  2:15  SCV  
  23  2:29  SCV  
  24  2:36  Starport  
  24  2:39  Starport  
  24  2:41  SCV  
  25  2:48  Hellion  
  27  2:51  Marine  
  27  2:53  SCV, Supply Depot  
  29  3:04  Supply Depot  
  29  3:05  SCV  
  29  3:09  Marine  
  31  3:19  Starport Tech Lab x2  
  33  3:27  Hellion  
  33  3:33  Marine  
  34  3:44  Banshee x2  
  34  3:47  Cloaking Field  
  40  3:57  Widow Mine  
  40  3:58  Marine  
  43  4:14  Supply Depot  
  43  4:26  Banshee  
  43  4:28  Marine  
  47  4:35  Banshee  
  47  4:36  Widow Mine  
  47  4:37  Supply Depot  
  52  5:09  Banshee  
  55  5:18  Banshee  
  58  5:22  Command Center  
  49  5:52  Banshee  
  49  6:09  SCV  
  48  6:17  Engineering Bay  
  46  6:19  Armory  
  46  6:21  Starport, SCV  
  46  6:23  Barracks  
  46  6:25  Barracks  
  47  6:26  Marine  
  47  6:28  Barracks  
  48  6:33  SCV  
  48  6:39  Factory Tech Lab  
  45  6:43  Orbital Command  
  45  6:44  Marine  
  46  6:48  SCV  
  47  6:56  Missile Turret  
  47  7:00  SCV  
  48  7:07  Viking  
  50  7:12  SCV, Marine  
  52  7:22  Medivac  
  54  7:24  SCV  
  54  7:26  SCV  
  56  7:36  SCV  
  57  7:38  SCV  
  58  7:48  SCV  
  57  8:04  Barracks Reactor, Barracks Tech Lab  
  57  8:05  Barracks Tech Lab  
  57  8:10  Siege Tank  
  60  8:15  Barracks Reactor  
  60  8:35  Terran Infantry Weapons Level 1  
  60  8:38  Engineering Bay  
  60  8:41  Refinery  
  60  8:42  SCV x2  
  60  8:43  Refinery  
  60  8:48  Command Center  
  62  8:54  SCV x2  
  64  9:00  Command Center  
  61  9:06  SCV  
  59  9:25  Siege Tank  
  59  9:26  Marauder x2  
  59  9:27  Marine x4  
  59  9:30  Stimpack  
  70  9:42  Missile Turret  
  70  9:44  Marine  
  70  9:45  Marine x2  
  71  9:48  Marauder x2  
  71  9:58  Missile Turret  
  70  10:01  Missile Turret  
  70  10:02  Missile Turret  
  70  10:03  SCV x3  
  73  10:09  Marauder x2  
  74  10:14  Planetary Fortress  
  74  10:15  SCV x3  
  74  10:19  Widow Mine  
  79  10:21  Drilling Claws  
  79  10:27  SCV x2  
  81  10:37  Starport Tech Lab  
  81  10:38  Marine  
  81  10:39  Marine x3  
  85  10:51  Starport Reactor  
  85  10:54  Missile Turret  
  85  10:56  Missile Turret  
  85  10:57  Missile Turret  
  82  11:04  Cyclone  
  62  11:39  Missile Turret  
Show
View Real Time Build Order
Export as new Build Order

SmuGash Terran - Winner!

Build Orders: Liberator Opening, Reaper Expand 

Get SALT Encoding   

  12  0:00  SCV  
  13  0:12  SCV  
  14  0:17  Supply Depot  
  14  0:24  SCV  
  15  0:38  SCV  
  15  0:40  Barracks  
  16  0:43  Refinery  
  16  0:50  SCV  
  17  1:03  SCV  
  18  1:15  SCV  
  19  1:27  Reaper  
  19  1:28  Orbital Command  
  20  1:45  Command Center  
  19  1:54  SCV  
  20  2:03  Supply Depot  
  20  2:04  Factory  
  20  2:06  Marine  
  21  2:09  SCV  
  22  2:21  SCV  
  23  2:24  Marine  
  23  2:29  Refinery  
  24  2:33  Supply Depot  
  24  2:37  SCV  
  25  2:42  Marine  
  26  2:50  Starport  
  26  2:51  SCV  
  27  2:56  Factory Reactor  
  27  3:03  Refinery x2, SCV  
  28  3:21  SCV  
  28  3:29  Liberator  
  28  3:32  Orbital Command  
  31  3:34  SCV  
  31  3:38  Hellion  
  31  3:40  Hellion  
  36  3:48  SCV  
  36  3:51  Marine  
  38  4:00  SCV  
  39  4:03  Hellion x2  
  43  4:12  SCV, Marine  
  45  4:23  SCV  
  46  4:24  SCV  
  45  4:38  SCV  
  45  4:39  SCV  
  45  4:44  Command Center  
  47  5:04  Engineering Bay, Viking  
  47  5:06  Hellion x2  
  53  5:08  SCV  
  54  5:56  SCV x2, Viking  
  58  6:12  SCV x2  
  60  6:21  Hellion x2  
  60  6:22  Orbital Command  
  60  6:24  SCV  
  52  6:37  SCV x2  
  52  6:45  Missile Turret  
  52  6:47  Hellion x2  
  56  6:53  Orbital Command  
  56  7:07  Starport  
  56  7:08  Armory  
  56  7:09  Armory  
  56  7:10  SCV x2, Fusion Core  
  56  7:11  Starport  
  56  7:13  Starport x2  
  58  7:23  Starport Tech Lab  
  58  7:32  Hellion x2  
  62  7:42  Supply Depot  
  62  7:44  Starport Tech Lab  
  62  7:45  Supply Depot x2  
  62  7:46  Supply Depot x2  
  62  7:47  Supply Depot  
  62  7:48  Supply Depot  
  62  7:50  Starport Tech Lab x2  
  62  7:52  Starport Tech Lab  
  62  7:57  Terran Vehicle And Ship Armor Level 1, Terran Ship Weapons Level 1  
  62  7:58  Weapon Refit  
  62  8:00  Battlecruiser  
  68  8:24  SCV x2  
  68  8:26  SCV  
  69  8:36  Refinery, SCV x2  
  69  8:38  Missile Turret  
  69  8:40  Missile Turret  
  68  8:45  Refinery  
  68  8:49  SCV x3  
  69  8:57  Missile Turret x3  
  67  9:07  Battlecruiser  
  67  9:09  Battlecruiser  
  71  9:20  SCV x3  
  70  9:32  SCV x2  
  70  9:34  Battlecruiser  
  70  9:38  SCV  
  79  9:44  SCV  
  80  9:49  SCV  
  80  9:50  SCV  
  82  9:56  SCV  
  83  10:01  SCV  
  83  10:02  SCV  
  91  10:14  Battlecruiser  
  91  10:25  Battlecruiser  
  97  10:35  Supply Depot  
  97  10:37  Supply Depot  
  97  10:41  Supply Depot  
Show
View Real Time Build Order
Export as new Build Order

INFerno Zerg - Winner!

Build Orders: Hatch First 

Get SALT Encoding   

  12  0:00  Drone  
  13  0:13  Overlord  
  13  0:33  Overlord  
  13  0:34  Drone  
  13  0:35  Drone  
  15  0:45  Drone  
  16  1:00  Hatchery  
  15  1:04  Drone  
  15  1:07  Drone  
  17  1:16  Drone  
  18  1:28  Extractor  
  17  1:33  Spawning Pool  
  16  1:54  Drone  
  17  2:04  Drone  
  17  2:07  Hatchery  
  17  2:14  Drone x3  
  20  2:23  Queen  
  20  2:24  Drone  
  20  2:25  Zergling x2  
  24  2:32  Drone  
  24  2:36  Drone  
  26  2:46  Drone  
  26  2:49  Queen  
  26  2:50  Drone  
  30  2:51  Drone  
  31  3:00  Drone  
  31  3:01  Metabolic Boost  
  32  3:05  Drone  
  32  3:06  Drone  
  34  3:14  Drone  
  35  3:31  Drone x3  
  35  3:32  Drone x2  
  35  3:33  Roach Warren  
  39  3:34  Queen  
  41  3:46  Drone  
  41  3:47  Overlord  
  42  3:54  Extractor  
  41  3:57  Overlord x2  
  41  4:02  Zergling x2  
  41  4:05  Queen x2  
  41  4:08  Zergling x4  
  41  4:09  Zergling x6  
  47  4:32  Zergling x14  
  54  4:44  Drone x4  
  54  4:45  Drone x4  
  62  4:49  Spore Crawler  
  62  4:50  Extractor  
  60  4:58  Spore Crawler  
  57  5:12  Extractor  
  53  5:26  Spore Crawler  
  53  5:27  Spore Crawler  
  45  5:42  Spore Crawler  
  40  5:52  Drone x7  
  40  5:53  Drone x2  
  49  5:58  Lair  
  45  6:08  Roach x3  
  45  6:09  Roach x2  
  50  6:22  Roach x2  
  54  6:30  Extractor  
  54  6:32  Drone x3  
  56  6:42  Drone x2  
  56  6:43  Drone, Queen x2  
  63  6:52  Drone x3  
  66  7:05  Overlord x3  
  66  7:06  Spire  
  65  7:16  Drone  
  65  7:17  Overlord x2  
  65  7:22  Queen  
  68  7:44  Spore Crawler  
  67  8:06  Overlord x3  
  67  8:19  Mutalisk  
  67  8:20  Mutalisk x13  
  67  8:26  Drone x2  
  97  8:39  Zerg Flyer Armor Level 1  
  97  8:52  Drone  
  97  8:53  Drone x9  
  107  8:58  Extractor  
  107  8:59  Extractor  
  105  9:03  Spore Crawler  
  104  9:10  Zergling x8  
  104  9:11  Zergling x12  
  114  9:23  Spore Crawler  
  112  9:46  Zergling x14  
  112  9:47  Zergling x4  
  112  9:51  Overlord  
  112  9:52  Overlord x3  
  121  10:15  Mutalisk x6  
  130  10:22  Zergling x2  
  130  10:23  Zergling x6  
  130  10:26  Mutalisk  
  130  10:27  Mutalisk x2  
  126  10:40  Mutalisk x2  
  126  10:41  Mutalisk x3  
  134  10:45  Zergling x8  
  138  10:59  Drone x3  
  119  11:28  Drone x4  
  119  11:29  Drone x2  
  119  11:32  Drone x4  
Tags
 
Add a new tag
Caveats
  • Supply blocks, unpowered buildings, or Contaminate may cause inaccurate times.
  • Supply counts are checked every 10 seconds.